 Dungeon Crawl Stone Soup version 0.29.0-7-g18a832c13a (webtiles) character file.

Game seed: 4446642715403805201

267 DuloT34 the Grave Robber (level 6, 0/47 HPs)
             Began as a Human Necromancer on Aug 31, 2022.
             Slain by a wight
             ... wielding a +0 great sword
              (20 damage)
             ... on level 4 of the Dungeon.
             The game lasted 00:09:04 (3072 turns).

DuloT34 the Grave Robber (Human Necromancer)        Turns: 3072, Time: 00:09:04

Health: 0/47       AC:  3    Str: 14    XL:     6   Next: 45%
Magic:  11/11      EV: 12    Int: 20    God:
Gold:   94         SH:  0    Dex:  9    Spells: 4/12 levels left

rFire   . . .      SeeInvis .   t - +6 dagger of Fueqept {vorpal, rC+ rN+++ Int+2 Dex-4}
rCold   + . .      Faith    +   (no shield)
rNeg    + + +      Spirit   .   a - +0 robe
rPois   .          Reflect  .   c - +0 helmet
rElec   .          Harm     .   (no cloak)
rCorr   .          Rampage  .   (no gloves)
Will    .....                   (no boots)
Stlth   ++........              l - amulet of faith
HPRegen 0.15/turn               n - ring of wizardry
MPRegen 0.12/turn               o - +6 ring of strength

@: no status effects
A: no striking features
a: no special abilities


You were on level 4 of the Dungeon.
You visited 1 branch of the dungeon, and saw 4 of its levels.

You collected 94 gold pieces.

Inventory:

Hand Weapons
 f - a +2 vampiric dagger
 t - the +6 dagger of Fueqept (weapon) {vorpal, rC+ rN+++ Int+2 Dex-4}
   (You found it on level 3 of the Dungeon)

   It inflicts extra damage upon your enemies.
   Int:       It affects your intelligence (+2).
   Dex:       It affects your dexterity (-4).
   rC:        It protects you from cold.
   rN:        It renders you almost immune to negative energy.
Missiles
 m - 5 boomerangs (quivered)
Armour
 a - a +0 robe (worn)
 c - a +0 helmet (worn)
Magical Staves
 d - a staff of conjuration
Jewellery
 l - an amulet of faith (around neck)
 n - a ring of wizardry (left hand)
 o - a +6 ring of strength (right hand)
Scrolls
 k - a scroll of magic mapping
 p - a scroll of poison {unknown}
 q - a scroll of enchant weapon {unknown}
 r - 2 scrolls of identify
Potions
 b - a potion of magic
 e - a potion of might {unknown}
 g - a potion of ambrosia {unknown}
 h - 2 potions of heal wounds
 i - a potion of flight {unknown}
 s - a potion of berserk rage {unknown}


   Skills:
 + Level 3.2 Fighting
 - Level 2.0 Dodging
 - Level 2.0 Stealth
 + Level 3.6 Spellcasting
 + Level 5.2 Necromancy


You had 4 spell levels left.
You knew the following spells:

 Your Spells              Type           Power      Damage    Failure   Level
a - Necrotise             Necr           96%        1d8       1%          1
b - Vampiric Draining     Necr           24%        2d7       1%          3
c - Animate Dead          Necr           24%        N/A       6%          4

Your spell library contained the following spells:

 Spells                   Type           Power      Damage    Failure   Level
 Blink                    Tloc           6%         N/A       9%          2
 Lesser Beckoning         Tloc           3%         N/A       16%         3
 Passage of Golubria      Tloc           3%         N/A       45%         4
 Agony                    Necr           24%        N/A       16%         5
 Manifold Assault         Tloc           3%         N/A       78%         5
 Silence                  Hex/Air        1%         N/A       78%         5
 Lehudib's Crystal Spear  Conj/Erth      1%         10d2      100%        8


Dungeon Overview and Level Annotations

Branches:
Dungeon (4/15)
 Temple: D:4-7

Altars:
Trog

Shops:
D:1 [   D:4 (

Annotations:
D:3 Sigmund


Message History

Your jelly dissolves into shadows!
You hit the wight.
You destroy the wight!
Your orc barely misses the wight.
You barely miss the wight.
The wight hits you with a +0 great sword!
Your orc hits the wight but does no damage.
You closely miss the wight. The wight barely misses you.
Your orc hits the wight with a +0 club. You barely miss the wight.
The wight is lightly damaged.
The wight hits you with a +0 great sword!!
Your orc hits the wight but does no damage.
You are too injured to fight recklessly!
You are too injured to fight recklessly!
You are too injured to fight recklessly!
You are too injured to fight recklessly!
You catch the helpless wight completely off-guard!
You hit the wight.
The wight is moderately damaged.
The wight hits you with a +0 great sword.
Your orc misses the wight. You hit the wight.
The wight is moderately damaged.
The wight closely misses you.
Your orc closely misses the wight.
You hit the wight.
The wight is severely damaged.
The wight barely misses you.
Your orc hits the wight but does no damage.
You barely miss the wight.
The wight is severely damaged.
The wight misses you.
Your orc completely misses the wight.
You barely miss the wight.
The wight is severely damaged.
The wight hits you with a +0 great sword!
* * * LOW HITPOINT WARNING * * *
Your orc closely misses the wight.
It was a potion of heal wounds.
You feel much better.
The wight hits you with a +0 great sword!!
You die...

.....### .......#
...#.#.##### #.#######
...#...)...# #.#.....#
.....#.###.# #.#.....#
.....#.# #.###.#.....#
.....#.#
#...#.#.....############
.....#.#
###.#.#.....#...†..)....
.....#.#
#.#.#@....#.#########.
.....#.#####...zo..#...###
#.
######......##.###.......#
####. #.......#.#
#...########.<#.
#.........###...#.....8##...
#...........#...∩.....8##.##
#.........#.###.#....(8##...
#.........#.###.###########.
#......##.#..##.....# #....


You could see a wight (ally target) and a friendly orc (summoned).

Vanquished Creatures
  A necrophage (D:3)
  A wight (D:4)
  2 hounds (D:4)
  2 adders
  3 worms
  A dart slug (D:1)
  3 orcs
  2 ball pythons (D:2)
  A bat (D:3)
  6 endoplasms
  A giant cockroach (D:2)
  5 goblins
  8 hobgoblins
  2 jackals (D:2)
  2 quokkas
  5 frilled lizards
  5 kobolds
  6 rats (D:1)
56 creatures vanquished.

Vanquished Creatures (collateral kills)
  2 jackals (D:2)
2 creatures vanquished.

Vanquished Creatures (others)
  2 fungi (D:1)
  5 plants (D:1)
7 creatures vanquished.

Grand Total: 65 creatures vanquished

Notes
Turn   | Place    | Note
-------+----------+-------------------------------------------
     0 | D:1      | DuloT34 the Human Necromancer began the quest for the Orb.
     0 | D:1      | Reached XP level 1. HP: 13/13 MP: 3/3
   171 | D:1      | Found Xuhoenti's Antique Armour Shop.
   208 | D:1      | Reached XP level 2. HP: 20/20 MP: 5/5
   338 | D:1      | Reached skill level 1 in Fighting
   563 | D:1      | Reached XP level 3. HP: 26/26 MP: 2/6
   706 | D:1      | Found a faded altar of an unknown god.
  1058 | D:2      | Identified the +0 ring mail "Ilub" {Dex+6 Stlth+}
  1279 | D:2      | Learned a level 3 spell: Vampiric Draining
  1433 | D:2      | Reached XP level 4. HP: 33/33 MP: 1/8
  1759 | D:3      | Identified the +6 dagger of Fueqept {vorpal, rC+ rN+++
                  | Int+2 Dex-4}
  1829 | D:3      | Found a bloodstained altar of Trog.
  2164 | D:3      | Noticed Sigmund
  2272 | D:4      | Noticed a necrophage
  2294 | D:3      | Killed a necrophage
  2295 | D:3      | Reached XP level 5. HP: 39/39 MP: 9/9
  2532 | D:4      | Reached skill level 5 in Necromancy
  2720 | D:4      | Found Suelepel's Firing Range.
  2751 | D:4      | Reached XP level 6. HP: 47/47 MP: 3/11
  2756 | D:4      | Learned a level 4 spell: Animate Dead
  3072 | D:4      | Slain by a wight

Illustrated notes

Levels and vault maps discovered:
D:1:      dpeg_arrival_pond, layout_rooms, serial_forest,
          infiniplex_forest_clump_tiny, infiniplex_forest_lined_3_way,
          infiniplex_forest_lined_3, infiniplex_forest_fountain,
          infiniplex_forest_clump_curved, infiniplex_forest_clump_small,
          shapermc_ecumenical_altar_mp_ritualfount, serial_shops, shop,
          minmay_misc_feat_enclosed
D:2:      layout_basic
D:3:      layout_basic, trog_book, serial_shops, shop_scrolls, uniq_sigmund
D:4:      layout_basic, nicolae_shop_firing_range

Skill      XL: |  1  2  3  4  5 |
---------------+----------------+-----
Fighting       | 1 2 3 |  3.2
Spellcasting   | 3 |  3.6
Necromancy     | 5 |  5.2
Dodging        | |  2.0
Stealth        | |  2.0

Action                   |  1- 3 |  4- 6 || total
-------------------------+-------+-------++-------
Melee: Dagger            |    15 |    38 ||    53
       Staff             |     6 |       ||     6
       Punch             |       |     2 ||     2
Throw: Boomerang         |       |     2 ||     2
 Cast: Necrotise         |    56 |    33 ||    89
       Vampiric Draining |     1 |     2 ||     3
       Animate Dead      |       |     1 ||     1
  Use: Scroll            |     6 |     2 ||     8
       Potion            |       |     1 ||     1
 Stab: Distracted        |       |     1 ||     1
Armor: Robe              |     7 |     7 ||    14
Dodge: Dodged            |    14 |    29 ||    43
